 Dungeon Crawl Stone Soup version 0.19-a0-517-gd6a9987 (webtiles) character file.

4851 st0uf the Nimble (level 10, -3/83 HPs)
             Began as a Purple Draconian Skald on June 6, 2016.
             Was a Priest of Hepliaklqana.
             Slain by a wight
             ... wielding a +2 long sword of protection
              (7 damage)
             ... on level 8 of the Dungeon.
             The game lasted 00:55:53 (8591 turns).

st0uf the Nimble (Purple Draconian Skald)           Turns: 8591, Time: 00:55:54

Health: -3/83      AC: 10    Str: 18    XL:     10   Next: 25%
Magic:  17/17      EV: 15    Int: 12    God:    Hepliaklqana [***...]
Gold:   401        SH:  4    Dex: 14    Spells: 5 memorised, 8 levels left

rFire  . . .     SeeInvis .     K - +4 mace
rCold  . . .     Gourm    .     (armour unavailable)
rNeg   . . .     Faith    .     v - +0 buckler
rPois  .         Spirit   .     E - +0 hat
rElec  .         Dismiss  .     (no cloak)
rCorr  .         Reflect  .     j - +1 pair of gloves {Dex+3}
SustAt .         Harm     .     p - +0 pair of boots
MR     +....                    (no amulet)
Stlth  +.........               (no ring)
                                (no ring)

@: heavily drained, somewhat resistant to hostile enchantments, very unstealthy
A: breathe power, unfitting armour, cold-blooded, AC +7
a: Breathe Dispelling Energy, Recall Ancestor, Ancestor Identity, Transference,
Renounce Religion


You were on level 8 of the Dungeon.
You worshipped Hepliaklqana.
Hepliaklqana was most pleased with you.
You were near starving.

You visited 2 branches of the dungeon, and saw 10 of its levels.

You collected 414 gold pieces.
You spent 13 gold pieces at shops.

Inventory:

Hand Weapons
 K - a +4 mace (weapon)
Armour
 j - a +1 pair of gloves of dexterity (worn)
 p - a +0 pair of boots (worn)
 v - a +0 buckler (worn)
 E - a +0 hat (worn)
Jewellery
 w - a +4 ring of dexterity {unknown}
 A - a cursed ring of flight {unknown}
Wands
 t - a wand of lightning (5/15)
 F - a wand of slowing (23/48)
 J - a wand of slowing (35/48)
 R - a wand of iceblast (8/15)
 S - a wand of enslavement (8/24)
Scrolls
 d - 6 scrolls of random uselessness {unknown}
 g - 6 scrolls of identify {unknown}
 i - 3 scrolls of enchant armour {unknown}
 k - 2 scrolls of teleportation {unknown}
 l - a scroll of magic mapping {unknown}
 m - 2 scrolls of amnesia {unknown}
 n - 3 scrolls of recharging {unknown}
 o - 5 scrolls of blinking {unknown}
 q - 2 scrolls of fear {unknown}
 r - 6 scrolls of remove curse {unknown}
 C - 2 scrolls of fog {unknown}
 G - a scroll of noise {unknown}
 I - a scroll of acquirement {unknown}
 Q - a scroll of enchant weapon {unknown}
 T - a scroll of immolation {unknown}
Potions
 e - 3 potions of curing {unknown}
 f - 3 potions of cure mutation {unknown}
 h - 2 potions of might {unknown}
 x - a potion of lignification {unknown}
 z - a potion of cancellation {unknown}
 L - 4 potions of brilliance {unknown}
 M - 2 potions of heal wounds {unknown}
 O - a potion of berserk rage {unknown}
 P - 2 potions of magic {unknown}
Books
 a - a book of Dreams

   Spells                             Type                      Level
   a - Ensorcelled Hibernation        Hexes/Ice                    2
   b - Silence                        Hexes/Air                    5
   c - Darkness                       Hexes                        6
   d - Shadow Creatures               Summoning                    6
 b - a book of Battle

   Spells                             Type                      Level
   a - Infusion                       Charms                       1
   b - Shroud of Golubria             Charms/Translocation         2
   c - Song of Slaying                Charms                       2
   d - Spectral Weapon                Hexes/Charms                 3
   e - Regeneration                   Charms/Necromancy            3
 y - a book of the Sky

   Spells                             Type                      Level
   a - Summon Lightning Spire         Summoning/Air                4
   b - Airstrike                      Air                          4
   c - Silence                        Hexes/Air                    5
   d - Deflect Missiles               Charms/Air                   6
   e - Conjure Ball Lightning         Conjuration/Air              6
   f - Tornado                        Air                          9
 H - the Volume of Warped Ice
   (You found it on level 5 of the Dungeon)

   Spells                             Type                      Level
   a - Freeze                         Ice                          1
   b - Throw Frost                    Conjuration/Ice              2
   c - Ensorcelled Hibernation        Hexes/Ice                    2
   d - Passage of Golubria            Translocation                4
   e - Warp Weapon                    Charms/Translocation         5
   f - Bolt of Cold                   Conjuration/Ice              6
Comestibles
 c - 6 bread rations
 s - a meat ration
 u - 3 beef jerkies
 B - 4 slices of pizza
 D - 23 fruits
 N - 9 royal jellies


   Skills:
 + Level 6.3(4.6) Fighting
 + Level 6.6(4.9) Maces & Flails
 + Level 8.3(6.5) Dodging
 + Level 3.4(1.9) Shields
 - Level 5.2(3.6) Spellcasting
 - Level 5.0(3.4) Hexes
 - Level 5.0(3.3) Charms
 * Level 2.8(1.3) Necromancy
 + Level 1.6(0.1) Translocations


You had 8 spell levels left.
You knew the following spells:

 Your Spells              Type           Power        Failure   Level  Hunger
a - Infusion              Chrm           ##..         10%         1    #......
b - Song of Slaying       Chrm           ##......     14%         2    ##.....
c - Shroud of Golubria    Chrm/Tloc      #.........   24%         2    ##.....
d - Spectral Weapon       Hex/Chrm       ##......     24%         3    ###....
e - Regeneration          Chrm/Necr      #.........   38%         3    ###....


Dungeon Overview and Level Annotations

Branches:
Dungeon (9/15)             Temple (1/1) D:6            Lair (0/8) D:9
    Orc: D:9-12

Altars:
Ashenzari
Cheibriados
Dithmenos
Elyvilon
Fedhas
Gozag
Hepliaklqana
Kikubaaqudgha
Makhleb
Nemelex Xobeh
Okawaru
Pakellas
Qazlal
Ru
Sif Muna
Trog
Uskayaw
Vehumet
Xom
Yredelemnul
Zin
The Shining One

Shops:
D:6 !

Annotations:
D:4 exclusion: 2 doors


Innate Abilities, Weirdness & Mutations

You can breathe bolts of dispelling energy.
Your rich purple scales are hard. (AC +7)
Your body does not fit into most forms of armour.
You are cold-blooded and may be slowed by cold attacks.


Message History

The orc closely misses Toupie.
The wight completely misses you.
Toupie hits the wight but does no damage.
You barely miss the wight.
You tail-slap the wight, but do no damage.
The wight is severely damaged.
The orc hits Toupie but does no damage.
Toupie hits the orc but does no damage.
The wight closely misses you.
You hit the wight but do no damage.
The wight is heavily damaged.
The orc misses Toupie.
Toupie barely misses the orc.
The wight closely misses you.
The orc hits Toupie.
Toupie closely misses the orc.
You hit the wight.
The wight is almost destroyed.
The wight closely misses you.
The orc hits Toupie but does no damage.
Toupie hits the orc but does no damage.
Toupie drains the orc!
You hit the wight.
The wight is almost destroyed.
The wight hits you with a long sword of protection!
You die...

#.###..##########.###.##.
#............# #.# #.##.
#####..#####.# #.###.##.
#..# #.# #.....##. #..#
#.# ##....###.
#..#####.###.......#.
#.........(..........
#(######..##.......#.
###.##@z....####.......
#(..##R####.# #...##.#
#)####o# #.# ######.# #.#
#.# #.# #.# #)# #.# #.#
#)# #.# #.# #.# #.. ##.##
#.# #.# ### ##...###.#
#.# ###.....##.## #.#


You could see a wight, an orc and the friendly Toupie the hexer.

Vanquished Creatures
  A troll (D:9)
  Grum (D:9)
  A hippogriff (D:7)
  A soldier ant (D:8)
  An orc warrior (D:8)
  2 slaves (D:9)
  An ice beast (D:6)
  2 black bears
  A wasp (D:8)
  2 ogres (D:9)
  2 phantoms
  3 centaurs
  3 wolves (D:9)
  A crocodile (D:9)
  A big kobold (D:8)
  A giant frog (D:6)
  A scorpion (D:6)
  A howler monkey (D:4)
  A crimson imp (D:5)
  2 giant frog zombies
  4 orc priests
  A giant frog skeleton (D:6)
  4 hounds
  4 orc wizards
  3 centaur skeletons
  An iguana (D:5)
  5 worker ants
  A hound skeleton (D:6)
  3 gnolls
  7 adders
  A shadow imp (D:6)
  2 oozes
  An adder zombie (D:8)
  2 worms
  6 giant geckos
  28 orcs
  3 giant cockroaches
  2 hobgoblins
  6 jackals
  4 quokkas
  3 ball pythons
  8 bats
  A giant gecko skeleton (D:4)
  A giant newt (D:3)
  7 goblins
  9 kobolds
  7 rats
153 creatures vanquished.

Vanquished Creatures (collateral kills)
  Pikel (D:9)
  A wasp (D:8)
  A black bear (D:8)
  2 ice beasts
  An orc warrior (D:7)
  5 wolves (D:9)
  An electric eel (D:9)
  A wight (D:8)
  A crimson imp (D:7)
  An orc priest (D:8)
  A jelly (D:5)
  A hound (D:9)
  3 orc wizards
  Ijyb (D:2)
  2 worker ants
  3 adders
  An adder skeleton (D:5)
  A giant gecko (D:6)
  10 orcs
  A giant cockroach (D:2)
  A hobgoblin (D:3)
  3 jackals
  A quokka (D:6)
  2 giant newts
  2 goblins
  3 kobolds
  A rat (D:2)
52 creatures vanquished.

Vanquished Creatures (others)
  2 slaves (D:9)
  An electric eel (D:9)
  A hexer (D:9)
  A lightning spire (D:6)
  A worker ant (D:9)
  A jackal (D:9)
  2 ancestors
  3 bushes (D:6)
  A spectral weapon (D:9)
13 creatures vanquished.

Grand Total: 218 creatures vanquished

Notes
Turn   | Place    | Note
--------------------------------------------------------------
     0 | D:1      | st0uf the Draconian Skald began the quest for the Orb.
     0 | D:1      | Reached XP level 1. HP: 17/17 MP: 3/3
   260 | D:1      | Reached XP level 2. HP: 25/25 MP: 0/5
   346 | D:1      | Learned a level 2 spell: Song of Slaying
   919 | D:2      | Reached XP level 3. HP: 27/30 MP: 3/6
   923 | D:2      | Learned a level 2 spell: Shroud of Golubria
   930 | D:2      | Found a hazy altar of Hepliaklqana.
   940 | D:2      | Became a worshipper of Hepliaklqana
  1243 | D:2      | Found an iron altar of Okawaru.
  1347 | D:2      | Reached skill level 2 in Dodging
  1512 | D:3      | Noticed Ijyb
  1533 | D:2      | Reached XP level 4. HP: 19/37 MP: 2/7
  1698 | D:2      | Killed Ijyb
  1756 | D:3      | Reached skill level 3 in Dodging
  1822 | D:3      | Reached XP level 5. HP: 32/44 MP: 3/8
  2376 | D:3      | Reached XP level 6. HP: 22/51 MP: 6/9
  2483 | D:3      | Found a bloodstained altar of Trog.
  2488 | D:3      | Found a glowing silver altar of Zin.
  2635 | D:4      | Reached * piety under Hepliaklqana
  2755 | D:4      | Reached skill level 4 in Dodging
  3277 | D:5      | Entered Level 5 of the Dungeon
  3307 | D:5      | Identified the Volume of Warped Ice
  3386 | D:5      | Your scales start taking on a rich purple colour.
  3386 | D:5      | Reached XP level 7. HP: 57/57 MP: 7/10
  3476 | D:5      | Reached skill level 5 in Dodging
  3817 | D:5      | Reached skill level 5 in Charms
  3822 | D:5      | Learned a level 3 spell: Spectral Weapon
  3980 | D:5      | Reached ** piety under Hepliaklqana
  3981 | D:5      | Remembered your ancestor Toupie as a hexer
  4029 | D:5      | Reached skill level 1 in Shields
  4029 | D:5      | Reached skill level 1 in Hexes
  4501 | D:6      | Learned a level 3 spell: Regeneration
  4508 | D:6      | Found an oddly glowing altar of Pakellas.
  4509 | D:6      | Noticed a cyan very ugly thing
  4536 | D:6      | Found Gox Teewk's Distillery.
  4548 | D:6      | Bought a potion of degeneration for 13 gold pieces
  4566 | D:6      | Reached XP level 8. HP: 62/66 MP: 12/12
  4679 | D:6      | Found a staircase to the Ecumenical Temple.
  4697 | Temple   | Entered the Ecumenical Temple
  4891 | D:6      | Found a burning altar of Makhleb.
  5338 | D:7      | Reached skill level 5 in Maces & Flails
  5338 | D:7      | Reached skill level 6 in Dodging
  5345 | D:7      | Reached *** piety under Hepliaklqana
  5412 | D:7      | Reached skill level 1 in Translocations
  5557 | D:7      | Found a burning altar of Makhleb.
  6226 | D:8      | Reached XP level 9. HP: 59/73 MP: 15/15
  6336 | D:8      | Reached skill level 5 in Fighting
  6609 | D:8      | Reached skill level 7 in Dodging
  7230 | D:9      | Noticed Grum
  7259 | D:9      | Reached skill level 5 in Hexes
  7329 | D:9      | Killed Grum
  7331 | D:9      | Reached skill level 5 in Spellcasting
  7382 | D:9      | Reached skill level 1 in Necromancy
  7509 | D:9      | Noticed Pikel
  7524 | D:9      | Killed Pikel
  7524 | D:9      | Reached XP level 10. HP: 63/83 MP: 17/17
  7909 | D:9      | Found a staircase to the Lair.
  8394 | D:9      | Reached skill level 8 in Dodging
  8586 | D:8      | HP: 4/83 [wight/long sword of protection (12)]
  8591 | D:8      | Slain by a wight

Vault maps used:
D:1:      dpeg_arrival_three_smaller_balls, serial_bayou_lake_a
D:2:      lemuel_crystal_altar, first_bread, amethyst_killhole, okawaru_trees_1
D:3:      amethyst_overflow_temple_binary, minmay_unequal, uniq_iyjb
D:4:      kennysheep_big_empty_room
D:5:      bh_chokoban, minivault_26
D:6:      lemuel_coloured_pillars_altar, temple_hall, serial_shops,
          nicolae_shop_statue_plus, gammafunk_pakellas_spire_experiment
D:7:      basic_altar
D:8:      hangedman_pestilent_swarm
D:9:      erik_lair_island, erik_orc_1, uniq_pikel, uniq_grum
Temple:   kilobyte_greek_temple_18

Skill      XL: |  1  2  3  4  5  6  7  8  9 10 |
---------------+-------------------------------+-----
Charms         | 3 4 5 |  5.0
Dodging        | 2 3 4 5 6 7 8 |  8.3
Maces & Flails | 3 4 5 6 |  6.6
Fighting       | 3 4 6 |  6.3
Shields        | 1 2 3 |  3.4
Hexes          | 2 4 5 |  5.0
Spellcasting   | 3 4 5 |  5.2
Translocations | 1 |  1.6
Necromancy     | 2 |  2.8

Action                   |  1- 3 |  4- 6 |  7- 9 | 10-12 || total
-------------------------+-------+-------+-------+-------++-------
Melee: Mace              |    96 |   163 |   312 |    62 ||   633
       Tailslap          |     9 |    25 |    41 |    10 ||    85
 Cast: Infusion          |    15 |    13 |    17 |     2 ||    47
       Song of Slaying   |     1 |     1 |     3 |       ||     5
       Spectral Weapon   |       |       |     2 |     1 ||     3
       Shroud of Golubri |       |       |     7 |     2 ||     9
Invok: Ancestor Life: He |       |       |     1 |       ||     1
       Recall Ancestor   |       |       |     1 |     4 ||     5
 Stab: Sleeping          |     1 |     1 |     3 |       ||     5
       Distracted        |       |     3 |     1 |       ||     4
       Confused          |       |       |     5 |     6 ||    11
  Eat: Chunk             |     2 |     7 |    15 |     2 ||    26
Armor: Skin              |    38 |    55 |    68 |    12 ||   173
Dodge: Dodged            |    76 |   108 |   178 |    47 ||   409
Block: Buckler           |       |    20 |    60 |    16 ||    96
